 Dungeon Crawl Stone Soup version 0.20.1-1-g8b1a95d (webtiles) character file.

805 Mesmaeker13 the Sneak (level 8, -4/56 HPs)
             Began as a Human Assassin on July 10, 2017.
             Was a Follower of Ashenzari.
             Slain by an ice beast (21 damage)
             ... on level 5 of the Dungeon.
             The game lasted 00:12:10 (5254 turns).

Mesmaeker13 the Sneak (Human Assassin)              Turns: 5254, Time: 00:12:11

Health: -4/56      AC:  4    Str: 12    XL:     8   Next: 14%
Magic:  8/8        EV: 14    Int: 12    God:    Ashenzari [*.....]
Gold:   243        SH:  0    Dex: 16    Spells: 7/7 levels left

rFire    + . .     SeeInvis .   B - +1 short sword (venom)
rCold    x . .     Gourm    +   (no shield)
rNeg     . . .     Faith    .   c - +0 robe
rPois    .         Spirit   .   u - +0 helmet (curse)
rElec    .         Reflect  .   d - +0 cloak (curse)
rCorr    .         Harm     .   (no gloves)
MR       .....                  (no boots)
Stlth    +++.......             x - amulet of the gourmand
Regen    0.2/turn               t - ring of fire
MPRegen  0.2/turn               (no ring)

@: no status effects
A: no striking features
a: Curse Item, Scrying, Renounce Religion


You were on level 5 of the Dungeon.
You worshipped Ashenzari.
Ashenzari was aware of your devotion.
You were very full.

You visited 1 branch of the dungeon, and saw 5 of its levels.

You collected 243 gold pieces.

Inventory:

Hand Weapons
 a - a +2 dagger
 b - a +0 blowgun
 A - a +1 dagger of holy wrath
 B - a +1 short sword of venom (weapon)
 D - the +1 short sword "Fasymo" {pierce, rElec Dex+3}
   (You found it on level 4 of the Dungeon)

   It inflicts extra damage upon your enemies.
   It affects your dexterity (+3).
   It insulates you from electricity.
Missiles
 e - 17 poisoned needles
 y - 6 tomahawks (quivered)
 C - a throwing net
Armour
 c - a +0 robe (worn)
 d - a cursed +0 cloak (worn)
 u - a cursed +0 helmet (worn)
Jewellery
 t - a ring of fire (left hand)
 x - an amulet of the gourmand (around neck)
 E - an uncursed ring of ice
Scrolls
 f - a scroll of fog
 h - 3 scrolls of magic mapping
 l - 3 scrolls of teleportation
 o - a scroll of remove curse
 r - 2 scrolls of noise {unknown}
 v - a scroll of blinking {unknown}
 w - a scroll of immolation {unknown}
Potions
 j - 3 potions of haste
 k - 2 potions of brilliance
 n - a potion of heal wounds {unknown}
 p - 2 potions of invisibility
 q - a potion of mutation {unknown}
 z - a potion of lignification {unknown}
 F - a potion of agility
Comestibles
 g - 4 bread rations
 i - 3 meat rations
 m - a royal jelly
 s - 7 fruits


   Skills:
 - Level 2.0 Fighting
 + Level 4.6 Short Blades
 + Level 4.6 Throwing
 + Level 4.0 Dodging
 + Level 6.3 Stealth


You had 7 spell levels left.
You didn't know any spells.

Dungeon Overview and Level Annotations

Branches:
Dungeon (5/15)             Temple (0/1) D:5

Altars:
Ashenzari
Kikubaaqudgha
Uskayaw


Message History

The ice beast hits you. The ice beast freezes you!!
You feel a terrible chill!
You are too injured to fight recklessly!
You are too injured to fight recklessly!
You hit the ice beast but do no damage.
The ice beast is heavily wounded.
The ice beast hits you but does no damage.
You hit the ice beast.
The ice beast is heavily wounded.
The ice beast barely misses you.
You hit the ice beast but do no damage.
The ice beast looks as sick as possible!
The ice beast is heavily wounded.
The ice beast barely misses you.
You hit the ice beast.
The ice beast is severely wounded.
The ice beast hits you but does no damage.
You hit the ice beast but do no damage.
The ice beast is severely wounded.
The ice beast hits you. The ice beast freezes you!!
You feel a terrible chill!
You die...

...#....###
...............#....###
.......................
.......................
.......................
......................
.. ......# ##.........
#.##Y...# #.........
#...@...# #.........
#..♣.♣..####.........
##..>................
#..♣.♣.########.#####
#............<#.#
#...#...........#
###......########
########


You could see an ice beast.

Vanquished Creatures
  Sigmund (D:2)
  An ogre (D:4)
  A centaur (D:5)
  A big kobold (D:4)
  A bullfrog skeleton (D:5)
  An iguana (D:5)
  2 orc wizards (D:5)
  Natasha (thrice) (D:2 D:3)
  A worker ant (D:5)
  6 adders
  3 gnolls (D:3)
  3 oozes
  An adder skeleton (D:4)
  2 worms
  2 dart slugs (D:2)
  3 leopard geckos
  11 orcs
  A ball python (D:3)
  6 bats
  3 giant cockroaches
  8 hobgoblins
  6 jackals (D:1)
  10 kobolds
  2 quokkas
  5 frilled lizards
  5 goblins
  A quokka skeleton (D:4)
  9 rats
99 creatures vanquished.

Vanquished Creatures (others)
  3 plants (D:4)
3 creatures vanquished.

Grand Total: 102 creatures vanquished

Notes
Turn   | Place    | Note
-------+----------+-------------------------------------------
     0 | D:1      | Mesmaeker13 the Human Assassin began the quest for the Orb.
     0 | D:1      | Reached XP level 1. HP: 16/16 MP: 1/1
   240 | D:1      | Reached XP level 2. HP: 21/22 MP: 2/2
   430 | D:1      | Reached XP level 3. HP: 20/27 MP: 3/3
   662 | D:2      | Found a hide-covered altar of Uskayaw.
   869 | D:2      | Reached XP level 4. HP: 32/33 MP: 4/4
  1078 | D:2      | Noticed Sigmund
  1388 | D:2      | Killed Sigmund
  1388 | D:2      | Reached skill level 5 in Stealth
  1388 | D:2      | Reached XP level 5. HP: 33/38 MP: 5/5
  1388 | D:2      | Reached XP level 6. HP: 38/44 MP: 6/6
  1448 | D:2      | Noticed Natasha
  1481 | D:2      | Killed Natasha
  1542 | D:2      | Noticed Natasha
  1554 | D:2      | Killed Natasha
  2706 | D:3      | Found a shattered altar of Ashenzari.
  2754 | D:3      | Became a worshipper of Ashenzari the Shackled
  2816 | D:3      | Noticed Natasha
  2833 | D:3      | Killed Natasha
  2833 | D:3      | Reached XP level 7. HP: 35/50 MP: 7/7
  4051 | D:4      | Got the short sword "Fasymo" {pierce, rElec Dex+3}
  4064 | D:4      | Identified the +1 short sword "Fasymo" {pierce, rElec Dex+3} (You found it on level 4 of the Dungeon)
  4308 | D:4      | Found an ancient bone altar of Kikubaaqudgha.
  4526 | D:5      | Entered Level 5 of the Dungeon
  4531 | D:5      | Reached skill level 6 in Stealth
  4735 | D:5      | Reached * piety under Ashenzari
  4780 | D:5      | Reached XP level 8. HP: 23/56 MP: 8/8
  5231 | D:5      | Found a staircase to the Ecumenical Temple.
  5254 | D:5      | Slain by an ice beast

Skill      XL: |  1  2  3  4  5  6  7  8 |
---------------+-------------------------+-----
Short Blades   | 3 4 |  4.6
Throwing       | 3 4 |  4.6
Dodging        | 2 3 4 |  4.0
Stealth        | 5 6 |  6.3
Fighting       | |  2.0

Action                   |  1- 3 |  4- 6 |  7- 9 || total
-------------------------+-------+-------+-------++-------
Melee: Dagger            |    97 |   177 |    51 ||   325
       Short sword       |       |       |    90 ||    90
 Fire: Blowgun           |     2 |    19 |    10 ||    31
Invok: Curse Item        |       |     1 |     1 ||     2
  Use: Potion            |       |     1 |     3 ||     4
       Scroll            |       |     3 |     2 ||     5
 Stab: Sleeping          |     4 |     3 |     7 ||    14
       Invisible         |       |     1 |       ||     1
  Eat: Chunk             |       |     6 |    15 ||    21
Armor: Robe              |    15 |    18 |    15 ||    48
Dodge: Dodged            |    49 |    84 |    80 ||   213
